 Dungeon Crawl Stone Soup version 0.16.0-18-g484a79e (webtiles) character file.

234 maniek23 the Ruffian (level 5, 0/41 HPs)
             Began as a Draconian Transmuter on Mar 22, 2015.
             Slain by a hound (1 damage)
             ... on level 4 of the Dungeon.
             The game lasted 00:13:05 (3602 turns).

maniek23 the Ruffian (Draconian Transmuter)         Turns: 3602, Time: 00:13:05

Health: 0/41       AC:  7    Str: 14    XL:     5   Next: 75%
Magic:  3/10       EV: 13    Int: 13    God:
Gold:   179        SH:  0    Dex: 11    Spells: 3 memorised, 3 levels left

rFire  . . .     SeeInvis .       - Unarmed
rCold  . . .     Clarity  .     (armour unavailable)
rNeg   . . .     SustAb   .     (no shield)
rPois  .         Gourm    .     (helmet restricted)
rElec  .         Spirit   .     p - +0 cloak
rCorr  .         Warding  .     (no gloves)
rMut   .         Stasis   .     k - +0 pair of boots
MR     .....                    (no amulet)
Stlth  +.........               (no ring)
                                (no ring)

@: very slightly contaminated, not resistant to hostile enchantments, very
unstealthy
A: unfitting armour, cold-blooded, AC +5
a: no special abilities


You were on level 4 of the Dungeon.
You were not hungry.

You visited 1 branch of the dungeon, and saw 4 of its levels.

You collected 179 gold pieces.

Inventory:

Hand weapons
 i - a cursed -3 short sword
Missiles
 b - 34 arrows
 q - 13 arrows of frost
Armour
 k - a +0 pair of boots (worn)
 p - a +0 cloak (worn)
Jewellery
 w - an uncursed ring of stealth {unknown}
Magical devices
 y - a wand of digging (15)
Scrolls
 e - a scroll of immolation {unknown}
 g - 3 scrolls of identify {unknown}
 h - a scroll of amnesia {unknown}
 j - a scroll of fear {unknown}
 l - a scroll of recharging {unknown}
 m - a scroll of random uselessness {unknown}
 n - a scroll of blinking {unknown}
 r - 2 scrolls of enchant armour {unknown}
 t - a scroll of teleportation {unknown}
 v - a scroll of remove curse {unknown}
Potions
 c - a potion of resistance {unknown}
 o - a potion of haste {unknown}
 s - a potion of curing {unknown}
 u - 2 potions of might {unknown}
 z - a potion of poison {unknown}
Books
 d - a book of Changes

   Spells                             Type                      Level
   a - Beastly Appendage              Transmutation                1
   b - Sticks to Snakes               Transmutation                2
   c - Spider Form                    Transmutation/Poison         3
   d - Ice Form                       Ice/Transmutation            4
   e - Blade Hands                    Transmutation                5
Comestibles
 a - 3 bread rations
 f - 4 meat rations
 x - 3 chunks of flesh


   Skills:
 + Level 2.1 Fighting
 + Level 3.3 Dodging
 - Level 0.4 Stealth
 + Level 4.0 Unarmed Combat
 + Level 2.8 Spellcasting
 * Level 3.1 Transmutations


You had 3 spell levels left.
You knew the following spells:

 Your Spells              Type           Power        Failure   Level  Hunger
a - Beastly Appendage     Trmt           #.....       10%         1    #......
b - Sticks to Snakes      Trmt           #.........   12%         2    ###....
c - Spider Form           Trmt/Pois      #.........   38%         3    ###....


Dungeon Overview and Level Annotations

Branches:
Dungeon (4/15)
 Temple: D:4-7

Altars:

Annotations:
D:4 Blork the orc


Innate Abilities, Weirdness & Mutations

Your plain brown scales are hard (AC +5).
Your body does not fit into most forms of armour.
Your cold-blooded metabolism reacts poorly to cold.


Message History

Casting: Beastly Appendage
Confirm with . or Enter, or press ? or * to list all spells.
You miscast Spider Form.
You are very lightly contaminated with residual magic.
Nothing appears to happen.
Blork the orc zaps a wand.
The puff of frost hits you! The hound bites you.
* * * LOW HITPOINT WARNING * * *
Your adder bites Blork the orc.
Blork the orc hits you with a war axe.
* * * LOW HITPOINT WARNING * * *
Blork the orc misses your adder. The hound misses you.
Your horns disappear.
Your adder barely misses Blork the orc.
The hound barely misses you.
Blork the orc looks angry.
Blork the orc zaps a wand.
The puff of frost hits you!
* * * LOW HITPOINT WARNING * * *
Your adder bites Blork the orc.
Blork the orc zaps a wand.
The puff of frost hits your adder.
Your adder bites Blork the orc.
Blork the orc looks even sicker.
Your adder poisons Blork the orc!
The hound bites you.
You die...

# ########### ...
#....@h.S.##....#
#.#####.o........
#.#.......##.....
##.#.###.### ..
#.....##.#
#..#..##.#
#........#
#.##..#### ##+##
#..# ##<..##


You could see Blork the orc, a hound and a friendly adder.

Vanquished Creatures
  A crimson imp (D:3)
  An iguana (D:2)
  A gnoll (D:1)
  6 adders
  A giant mite (D:3)
  2 orcs (D:3)
  3 giant cockroaches
  7 hobgoblins
  9 kobolds
  3 quokkas
  A ball python (D:3)
  10 bats
  3 giant newts
  5 goblins
53 creatures vanquished.

Vanquished Creatures (collateral kills)
  An ogre (D:2)
  A kobold (D:3)
  A giant newt (D:3)
  A goblin (D:3)
  A rat (D:4)
5 creatures vanquished.

Grand Total: 58 creatures vanquished

Notes
Turn   | Place    | Note
--------------------------------------------------------------
     0 | D:1      | maniek23, the Draconian Transmuter, began the quest for the Orb.
     0 | D:1      | Reached XP level 1. HP: 16/16 MP: 3/3
   164 | D:1      | Reached XP level 2. HP: 2/23 MP: 4/4
   174 | D:1      | HP: 1/23 [bat (1)]
   869 | D:2      | Learned a level 2 spell: Sticks to Snakes
   991 | D:2      | Reached XP level 3. HP: 20/28 MP: 4/6
  1704 | D:3      | Reached XP level 4. HP: 33/35 MP: 8/8
  1806 | D:3      | Noticed an ogre
  2044 | D:3      | Learned a level 3 spell: Spider Form
  2387 | D:3      | Reached XP level 5. HP: 41/41 MP: 9/9
  3479 | D:2      | Killed an ogre
  3479 | D:2      | Reached skill level 4 in Unarmed Combat
  3584 | D:4      | Noticed Blork the orc
  3601 | D:4      | HP: 1/41 [Blork the orc/wand of frost (10)]
  3602 | D:4      | Slain by a hound

Action                   |  1- 3 |  4- 6 || total
-------------------------+-------+-------++-------
Melee: Unarmed           |   153 |   133 ||   286
 Cast: Beastly Appendage |     7 |    11 ||    18
       Sticks to Snakes  |       |    10 ||    10
 Stab: Sleeping          |     1 |     2 ||     3
  Eat: Chunk             |     3 |     3 ||     6
       Meat ration       |       |     1 ||     1
